TOP OF THE 1ST |
Waterloo Hawks batting - Pitching for Burlington Bees : LHP Randall Boyce
|
Pitching: LHP Randall Boyce
|
|
Batting: RHB Edward Irvine
|
0-0: Foul Ball, location: 2F 0-1: Ball 1-1: Ball 2-1: Foul Ball, location: 2F 2-2: Ball 3-2: Strikes out looking
|
Batting: RHB Mark Sheehy
|
0-0: Swinging Strike 0-1: Foul Ball, location: 2F 0-2: Fly out, F7 (Flyball, 7LS, EV 90.6 MPH)
|
Batting: RHB Tony Evans
|
0-0: Called Strike 0-1: Ball 1-1: Called Strike 1-2: SINGLE (Line Drive, 8RS, EV 108.8 MPH)
|
Batting: RHB Carmelo Aguayo
|
0-0: Swinging Strike 0-1: Called Strike 0-2: Strikes out looking
|
Top of the 1st over - 0 runs, 1 hit, 0 errors, 1 left on base; Waterloo 0 - Burlington 0 |
BOTTOM OF THE 1ST |
Burlington Bees batting - Pitching for Waterloo Hawks : RHP Albert Arrieta
|
Pitching: RHP Albert Arrieta
|
|
Batting: SHB Horace Ransom
|
0-0: Foul Ball, location: 2F 0-1: Called Strike 0-2: Ball 1-2: Ball 2-2: Ball 3-2: Base on Balls
|
Batting: RHB Kenneth Patterson
|
0-0: Called Strike 0-1: Ball 1-1: Ball Wild Pitch! Horace Ransom to second 2-1: Swinging Strike 2-2: Strikes out swinging
|
Batting: LHB Herm Winningham
|
0-0: Ball 1-0: Called Strike 1-1: Called Strike 1-2: Strikes out swinging
|
Batting: LHB Brian Devalk
|
0-0: Ball 1-0: Foul Ball, location: 2F 1-1: Swinging Strike 1-2: Strikes out looking
|
Bottom of the 1st over - 0 runs, 0 hits, 0 errors, 1 left on base; Waterloo 0 - Burlington 0 |
TOP OF THE 2ND |
Waterloo Hawks batting - Pitching for Burlington Bees : LHP Randall Boyce
|
Batting: RHB Jay Loviglio
|
0-0: Ground out 6-3 (Groundball, 6, EV 86.3 MPH)
|
Batting: LHB Burk Goldthorn
|
0-0: Called Strike 0-1: Foul Ball, location: 2F 0-2: Ground out 6-3 (Groundball, 6, EV 106.3 MPH)
|
Batting: RHB Michael Williams
|
0-0: Called Strike 0-1: Ball 1-1: Fly out, F8 (Flyball, 78D, EV 93.1 MPH)
|
Top of the 2nd over - 0 runs, 0 hits, 0 errors, 0 left on base; Waterloo 0 - Burlington 0 |
BOTTOM OF THE 2ND |
Burlington Bees batting - Pitching for Waterloo Hawks : RHP Albert Arrieta
|
Batting: RHB Bob Hicks
|
0-0: Foul Ball, location: 2F 0-1: Fly out, F9 (Flyball, 89M, EV 86.3 MPH)
|
Batting: LHB Keith Hagman
|
0-0: Called Strike 0-1: Ball 1-1: Foul Ball, location: 2F 1-2: Ball 2-2: Ball 3-2: Base on Balls
|
Batting: RHB Mike Quade
|
0-0: Grounds into double play, 5-4-3 (Groundball, 56S, EV 91.9 MPH)
|
Bottom of the 2nd over - 0 runs, 0 hits, 0 errors, 0 left on base; Waterloo 0 - Burlington 0 |
TOP OF THE 3RD |
Waterloo Hawks batting - Pitching for Burlington Bees : LHP Randall Boyce
|
Batting: RHB Kean Rich
|
0-0: Ball 1-0: Ball 2-0: Swinging Strike 2-1: Foul Ball, location: 2F 2-2: Ball 3-2: Strikes out swinging
|
Batting: RHB David Cusack
|
0-0: Ball 1-0: Ball 2-0: Foul Ball, location: 2F 2-1: Fly out, F8 (Flyball, 8RM, EV 90.6 MPH)
|
Batting: RHB Edward Irvine
|
0-0: Foul Ball, location: 2F 0-1: Ground out 1-3 (Groundball, 15, EV 74.4 MPH)
|
Top of the 3rd over - 0 runs, 0 hits, 0 errors, 0 left on base; Waterloo 0 - Burlington 0 |
BOTTOM OF THE 3RD |
Burlington Bees batting - Pitching for Waterloo Hawks : RHP Albert Arrieta
|
Batting: RHB Collin Tanabe
|
0-0: SINGLE (Groundball, 56D, EV 105.0 MPH)
|
Batting: RHB Mike Morse
|
0-0: Called Strike 0-1: Ball 1-1: Ball 2-1: Ball 3-1: Foul Ball, location: 2F 3-2: Foul Ball, location: 2F 3-2: Base on Balls Collin Tanabe to second
|
Batting: SHB Horace Ransom
|
0-0: Ball 1-0: Called Strike 1-1: Fly out, F9 (Flyball, 89S, EV 90.6 MPH)
|
Batting: RHB Kenneth Patterson
|
0-0: Foul Ball, location: 2F 0-1: Ball 1-1: Ball 2-1: SINGLE (Groundball, 5S, EV 62.5 MPH) (infield hit) Collin Tanabe to third Mike Morse to second
|
Batting: LHB Herm Winningham
|
0-0: Called Strike 0-1: DOUBLE (Groundball, 3L, EV 101.3 MPH) Collin Tanabe scores Mike Morse scores Kenneth Patterson to third Runner from 3rd tries for Home, SAFE, throw by RF to trailing runner, SAFE at third!
|
Batting: LHB Brian Devalk
|
0-0: Foul Ball, location: 2F 0-1: Foul Ball, location: 2F 0-2: Foul Ball, location: 2F 0-2: Ball 1-2: Ball 2-2: DOUBLE (Flyball, 78XD, EV 105.6 MPH) Herm Winningham scores
|
Batting: RHB Bob Hicks
|
0-0: Foul Ball, location: 2F 0-1: Ball 1-1: Ball 2-1: Foul Ball, location: 2F 2-2: Foul Ball, location: 2F 2-2: Ground out 6-3 (Groundball, 6, EV 106.3 MPH)
|
Batting: LHB Keith Hagman
|
0-0: Called Strike 0-1: Foul Ball, location: 2F 0-2: Ball 1-2: Ball 2-2: Ball 3-2: Fly out, F8 (Flyball, 8LXD, EV 100.0 MPH)
|
Bottom of the 3rd over - 4 runs, 4 hits, 0 errors, 1 left on base; Waterloo 0 - Burlington 4 |
TOP OF THE 4TH |
Waterloo Hawks batting - Pitching for Burlington Bees : LHP Randall Boyce
|
Batting: RHB Mark Sheehy
|
0-0: Ground out 4-3 (Groundball, 4, EV 78.1 MPH)
|
Batting: RHB Tony Evans
|
0-0: Ball 1-0: Ball 2-0: Ball 3-0: Called Strike 3-1: Base on Balls
|
Batting: RHB Carmelo Aguayo
|
0-0: Ball 1-0: Ball 2-0: Called Strike 2-1: Foul Ball, location: 2F 2-2: Fly out, F9 (Flyball, 9D, EV 110.6 MPH)
|
Batting: RHB Jay Loviglio
|
0-0: Foul Ball, location: 2F 0-1: Ground out 5-3 (Groundball, 56, EV 80.6 MPH)
|
Top of the 4th over - 0 runs, 0 hits, 0 errors, 1 left on base; Waterloo 0 - Burlington 4 |
BOTTOM OF THE 4TH |
Burlington Bees batting - Pitching for Waterloo Hawks : RHP Albert Arrieta
|
Batting: RHB Mike Quade
|
0-0: Ball 1-0: Ball 2-0: Foul Ball, location: 2F 2-1: Ground out 4-3 (Groundball, 4M, EV 81.3 MPH)
|
Batting: RHB Collin Tanabe
|
0-0: Foul Ball, location: 2F 0-1: Ground out 5-3 (Groundball, 56, EV 90.0 MPH)
|
Batting: RHB Mike Morse
|
0-0: Ground out 1-3 (Groundball, P, EV 65.6 MPH)
|
Bottom of the 4th over - 0 runs, 0 hits, 0 errors, 0 left on base; Waterloo 0 - Burlington 4 |
TOP OF THE 5TH |
Waterloo Hawks batting - Pitching for Burlington Bees : LHP Randall Boyce
|
Batting: LHB Burk Goldthorn
|
0-0: Ball 1-0: Ball 2-0: Called Strike 2-1: Ground out U3 (Groundball, 34, EV 83.1 MPH)
|
Batting: RHB Michael Williams
|
0-0: Foul Ball, location: 2F 0-1: Ball 1-1: Ball 2-1: Fly out, F9 (Flyball, 9, EV 86.9 MPH)
|
Batting: RHB Kean Rich
|
0-0: Ball 1-0: Swinging Strike 1-1: Ball 2-1: Foul Ball, location: 2F 2-2: Foul Ball, location: 2F 2-2: Ball 3-2: Foul Ball, location: 2F 3-2: Reached on error, E4 (Groundball, 34D, EV 111.3 MPH)
|
Batting: RHB David Cusack
|
0-0: Swinging Strike 0-1: Called Strike 0-2: Ball 1-2: Ball 2-2: Strikes out swinging
|
Top of the 5th over - 0 runs, 0 hits, 1 error, 1 left on base; Waterloo 0 - Burlington 4 |
BOTTOM OF THE 5TH |
Burlington Bees batting - Pitching for Waterloo Hawks : RHP Albert Arrieta
|
Batting: SHB Horace Ransom
|
0-0: Ball 1-0: Called Strike 1-1: DOUBLE (Flyball, 8RXD, EV 95.6 MPH)
|
Batting: RHB Kenneth Patterson
|
0-0: Fly out, F7 (Flyball, 78D, EV 93.8 MPH)
|
Batting: LHB Herm Winningham
|
0-0: Foul Ball, location: 2F 0-1: Swinging Strike 0-2: Ground out 3-1 (Groundball, 34, EV 104.4 MPH) Horace Ransom to third
|
Batting: LHB Brian Devalk
|
0-0: Ground out 5-3 (Groundball, 25, EV 68.1 MPH)
|
Bottom of the 5th over - 0 runs, 1 hit, 0 errors, 1 left on base; Waterloo 0 - Burlington 4 |
TOP OF THE 6TH |
Waterloo Hawks batting - Pitching for Burlington Bees : LHP Randall Boyce
|
Batting: RHB Edward Irvine
|
0-0: Called Strike 0-1: Fly out, F8 (Flyball, 8RS, EV 83.1 MPH)
|
Batting: RHB Mark Sheehy
|
0-0: Ground out 5-3 (Groundball, 56, EV 100.6 MPH)
|
Batting: RHB Tony Evans
|
0-0: Foul Ball, location: 2F 0-1: Foul Ball, location: 2F 0-2: Fly out, F9 (Flyball, 9, EV 86.9 MPH)
|
Top of the 6th over - 0 runs, 0 hits, 0 errors, 0 left on base; Waterloo 0 - Burlington 4 |
BOTTOM OF THE 6TH |
Burlington Bees batting - Pitching for Waterloo Hawks : RHP Albert Arrieta
|
Batting: RHB Bob Hicks
|
0-0: Called Strike 0-1: Ball 1-1: Fly out, F9 (Flyball, 9, EV 90.0 MPH)
|
Batting: LHB Keith Hagman
|
0-0: Called Strike 0-1: Ball 1-1: Called Strike 1-2: Ball 2-2: Ball 3-2: Base on Balls
|
Batting: RHB Mike Quade
|
0-0: Foul Ball, location: 2F 0-1: Foul Ball, location: 2F 0-2: Ball 1-2: Fielders Choice at 2nd, 3-6 (Groundball, 3, EV 85.6 MPH)
|
Batting: RHB Collin Tanabe
|
0-0: Called Strike 0-1: Ground out 4-3 (Groundball, 34, EV 83.8 MPH)
|
Bottom of the 6th over - 0 runs, 0 hits, 0 errors, 1 left on base; Waterloo 0 - Burlington 4 |
TOP OF THE 7TH |
Waterloo Hawks batting - Pitching for Burlington Bees : LHP Randall Boyce
|
Batting: RHB Carmelo Aguayo
|
0-0: Called Strike 0-1: Foul Ball, location: 2F 0-2: Ball 1-2: Ball 2-2: Ground out 5-3 (Groundball, 56, EV 107.5 MPH)
|
Batting: RHB Jay Loviglio
|
0-0: Ball 1-0: Foul Ball, location: 2F 1-1: Ball 2-1: Swinging Strike 2-2: Ball 3-2: Base on Balls
|
Batting: LHB Burk Goldthorn
|
0-0: Ball 1-0: Ball 2-0: Foul Ball, location: 2F 2-1: Ball 3-1: Foul Ball, location: 2F 3-2: Fly out, F9 (Flyball, 9LS, EV 78.8 MPH)
|
Batting: RHB Michael Williams
|
0-0: Ball 1-0: Called Strike 1-1: Ball 2-1: Called Strike 2-2: DOUBLE (Groundball, 3L, EV 105.0 MPH) Jay Loviglio to third Runner from 3rd tries for Home, SAFE, throw by RF to trailing runner, SAFE at third!
|
Batting: RHB Kean Rich
|
0-0: Ball 1-0: Swinging Strike 1-1: SINGLE (Groundball, 56D, EV 105.6 MPH) Michael Williams scores
|
Batting: RHB David Cusack
|
0-0: Called Strike 0-1: Ball 1-1: Foul Ball, location: 2F 1-2: Ball 2-2: Fly out, F6 (Popup, 4M, EV 51.3 MPH)
|
Top of the 7th over - 2 runs, 2 hits, 0 errors, 1 left on base; Waterloo 2 - Burlington 4 |
BOTTOM OF THE 7TH |
Burlington Bees batting - Pitching for Waterloo Hawks : RHP Albert Arrieta
|
Batting: RHB Mike Morse
|
0-0: Ball 1-0: Reached on error, E6 (Groundball, 6, EV 90.0 MPH)
|
Batting: SHB Horace Ransom
|
0-0: Sac Bunt to 5S - play at first, batter OUT! 5-3 Mike Morse to second
|
Batting: RHB Kenneth Patterson
|
0-0: Called Strike 0-1: Ground out 6-3 (Groundball, 6, EV 88.1 MPH) Mike Morse to third
|
Batting: LHB Herm Winningham
|
0-0: Ball 1-0: Ball 2-0: Called Strike 2-1: Swinging Strike 2-2: Ball 3-2: Foul Ball, location: 2F 3-2: Ground out U3 (Groundball, 3, EV 81.3 MPH)
|
Bottom of the 7th over - 0 runs, 0 hits, 1 error, 1 left on base; Waterloo 2 - Burlington 4 |
TOP OF THE 8TH |
Waterloo Hawks batting - Pitching for Burlington Bees : LHP Randall Boyce
|
Batting: RHB Edward Irvine
|
0-0: Called Strike 0-1: Ball 1-1: Fly out, F8 (Flyball, 89D, EV 78.1 MPH)
|
Batting: RHB Mark Sheehy
|
0-0: Ball 1-0: Ground out 5-3 (Groundball, 5, EV 84.4 MPH)
|
Batting: RHB Tony Evans
|
0-0: Ball 1-0: Ball 2-0: Ball 3-0: Base on Balls
|
Batting: RHB Carmelo Aguayo
|
0-0: Ball 1-0: Foul Ball, location: 2F 1-1: Fly out, F4 (Popup, 4, EV 60.0 MPH)
|
Top of the 8th over - 0 runs, 0 hits, 0 errors, 1 left on base; Waterloo 2 - Burlington 4 |
BOTTOM OF THE 8TH |
Burlington Bees batting - Pitching for Waterloo Hawks : RHP Albert Arrieta
|
Batting: LHB Brian Devalk
|
0-0: Ball 1-0: Called Strike 1-1: Fly out, F8 (Line Drive, 8LM, EV 89.4 MPH)
|
Batting: RHB Bob Hicks
|
0-0: Fly out, F8 (Flyball, 89D, EV 90.0 MPH)
|
Batting: LHB Keith Hagman
|
0-0: Ground out 1-3 (Groundball, 34S, EV 68.8 MPH)
|
Bottom of the 8th over - 0 runs, 0 hits, 0 errors, 0 left on base; Waterloo 2 - Burlington 4 |
TOP OF THE 9TH |
Waterloo Hawks batting - Pitching for Burlington Bees : LHP Randall Boyce
|
Pitching: RHP David Loeffler
|
|
Batting: RHB Jay Loviglio
|
0-0: Swinging Strike 0-1: Foul Ball, location: 2F 0-2: Ball 1-2: Ball 2-2: Ball 3-2: SINGLE (Line Drive, 7S, EV 93.1 MPH)
|
Batting: LHB Burk Goldthorn
|
0-0: Ball 1-0: Ball 2-0: Ball Wild Pitch! Jay Loviglio to second 3-0: Called Strike 3-1: Foul Ball, location: 2F 3-2: Foul Ball, location: 2F 3-2: Ground out 5-3 (Groundball, 5, EV 91.9 MPH)
|
Batting: RHB Michael Williams
|
0-0: SINGLE (Line Drive, 3D, EV 96.3 MPH) Jay Loviglio to third
|
Pinch Hitting: LHB Bruce Humphrey
|
0-0: Ball 1-0: Foul Ball, location: 2F 1-1: Grounds into double play, 5-4-3 (Groundball, 56, EV 99.4 MPH)
|
Top of the 9th over - 0 runs, 2 hits, 0 errors, 1 left on base; Waterloo 2 - Burlington 4 |
|